 Dungeon Crawl Stone Soup version 0.31.0 (webtiles) character file.

Game seed: 2567981730827538500

29 qw the Shooter (level 3, 0/21 HPs)
             Began as a Gargoyle Hunter on Jan 19, 2024.
             Slain by an orc priest
             ... wielding a +0 war axe
              (2 damage)
             ... on level 3 of the Dungeon.
             The game lasted 00:00:03 (909 turns).

qw the Shooter (Gargoyle Hunter)                     Turns: 909, Time: 00:00:03

Health: 0/21       AC:  6    Str: 14    XL:     3   Next: 16%
Magic:  3/3        EV: 11    Int:  9    God:
Gold:   104        SH:  0    Dex: 15    Spells: 2/2 levels left

rFire   . . .        a - +0 shortbow
rCold   . . .        (shield currently unavailable)
rNeg    + . .        c - +0 leather armour
rPois   inf          (no helmet)
rElec   +            (no cloak)
rCorr   +            (no gloves)
SInv    .            (no boots)
Will    .....        (no amulet)
Stlth   ++           h - ring of resist corrosion
HPRegen 0.23/turn    (no ring)
MPRegen 0.08/turn

%: no passive effects
@: no status effects
A: sickness immunity, AC +3, negative energy resistance 1, electricity
resistance, torment resistance 1, petrification resistance
a: no special abilities


You were on level 3 of the Dungeon.
You visited 1 branch of the dungeon, and saw 3 of its levels.

You collected 104 gold pieces.


Innate Abilities, Weirdness & Mutations

You are immune to sickness and miasma.
Your stone body is resilient. (AC +3)
You are immune to poison.
You resist negative energy. (rN+)
You are resistant to electric shocks. (rElec)
You are resistant to unholy torment.
You are immune to petrification.


   Skills:
 + Level 2.2 Fighting
 - Level 5.0 Ranged Weapons
 - Level 1.5 Dodging
 - Level 1.1 Stealth


You had 2 spell levels left.
You didn't know any spells.
Your spell library was empty.

Inventory:

Hand Weapons
 a - a +0 shortbow (weapon)
Armour
 c - a +0 leather armour (worn)
Jewellery
 h - a ring of resist corrosion (left hand)
Scrolls
 b - a scroll of amnesia {unknown}
Potions
 f - a potion of curing {unknown}

Dungeon Overview and Level Annotations

Branches:
Dungeon (2/15)

Altars:

Shops:
D:1 =


Message History

An orc wizard and an orc priest come into view.
The orc priest shouts!
The orc wizard shouts!
You shoot an arrow. The arrow barely misses the orc.
The orc closely misses you.
The orc wizard gestures wildly while chanting.
The orc wizard flickers and vanishes!
Deactivating autopickup; reactivate with Ctrl-A.
You shoot an arrow. The arrow hits the orc.
The orc is lightly wounded.
The orc barely misses you.
You shoot an arrow. The arrow hits the orc!
You kill the orc!
You shoot an arrow. Something hits you.
You shoot an arrow. The arrow barely misses the orc priest.
You hear some strange, mumbled words.
Something tries to affect you, but you resist.
You shoot an arrow. Something hits you. Something hits you but does no damage.
You shoot an arrow. Something hits you but does no damage.
You shoot an arrow.
The arrow closely misses the orc priest.
You shoot an arrow. Something hits you.
You shoot an arrow.
The arrow hits the orc priest but does no damage.
The orc priest closely misses you. Something hits you but does no damage.
You shoot an arrow. The arrow hits the orc priest.
The orc priest is moderately wounded.
The orc priest hits you with a +0 war axe.
Something hits you but does no damage.
You shoot an arrow. The arrow hits the orc priest.
The orc priest is heavily wounded.
The orc priest mumbles some strange prayers to Beogh against you.
Beogh smites you!
Ouch! That really hurt!
Something hits you.
The orc priest hits you with a +0 war axe.
You die...

#.. #.. #.# #.#
#.# #.# #.##
#.#####
#.##.#.#...
#.##.#.#.#
#.##.....#
#.####.#.#
#......#@#
#####..#{o......
#..#.#....##
#..##...### #...
. .# ##.##[...
#.# .. .# #.#
#...# .#


You could see an orc priest.

Vanquished Creatures
  A dart slug (D:2)
  An orc (D:3)
  An endoplasm (D:1)
  4 goblins (D:1)
  3 hobgoblins (D:1)
  3 quokkas (D:1)
  9 bats (D:1)
  A kobold (D:1)
  A rat (D:1)
24 creatures vanquished.

Notes
Turn   | Place    | Note
-------+----------+-------------------------------------------
     0 | D:1      | qw the Gargoyle Hunter began the quest for the Orb.
     0 | D:1      | Reached XP level 1. HP: 12/12 MP: 1/1
     0 | D:1      | 0 ||| qw: Version: 0.3-a-132-g3d54051
     0 | D:1      | 0 ||| qw: Game counter: 291
     0 | D:1      | 0 ||| qw: Melee chars always use a shield: true
     0 | D:1      | 0 ||| qw: God list: Okawaru
     0 | D:1      | 0 ||| qw: Allow faded altars: false
     0 | D:1      | 0 ||| qw: Do Orc after clearing Dungeon:15 true
     0 | D:1      | 0 ||| qw: Do second Lair branch before Depths: true
     0 | D:1      | 0 ||| qw: Lair rune preference: random
     0 | D:1      | 0 ||| qw: Goals: Normal
     0 | D:1      | 0 ||| PLANNING D:1-11
    33 | D:1      | Found Qeskenok's Jewellery Shoppe.
    48 | D:1      | 48 ||| SHOPLISTING +5 ring of evasion (360 gold, have 0).
    48 | D:1      | 48 ||| SHOPLISTING amulet of faith (400 gold, have 0).
    48 | D:1      | 48 ||| SHOPLISTING ring "Fofeamac" {+Blink rF+} (390 gold,
                  | have 0).
    48 | D:1      | 48 ||| SHOPLISTING ring "Memuliy" {Fly rC+ Int+2} (357
                  | gold, have 0).
    48 | D:1      | 48 ||| SHOPLISTING ring of ice (250 gold, have 0).
    48 | D:1      | 48 ||| SHOPLISTING ring of positive energy (200 gold, have
                  | 0).
   117 | D:1      | Reached XP level 2. HP: 17/17 MP: 2/2
   560 | D:1      | Reached XP level 3. HP: 21/21 MP: 3/3
   779 | D:1      | 779 ||| UPGRADING to ring of resist corrosion.
   780 | D:1      | 780 ||| READING scroll labelled XAHEOCZ KIHOC.
   781 | D:1      | 781 ||| READING scroll labelled MINGEM BODWUA.
   782 | D:1      | 782 ||| READING scroll labelled JOCSYL IDYECA.
   785 | D:1      | 785 ||| DROPPING scroll of butterflies.
   816 | D:2      | Reached skill level 5 in Ranged Weapons
   882 | D:2      | You fall into a shaft and drop 1 floor!
   909 | D:3      | HP: 3/21 [orc priest/divine providence (12)]
   909 | D:3      | Slain by an orc priest

Levels and vault maps discovered:
D:1:      minmay_arrival_hallway, layout_basic, serial_shops,
          nicolae_shop_tiny_glass
D:2:      layout_loops_ring, guppyfry_early_lair_pool, uniq_crazy_yiuf_cottage
D:3:      layout_basic, nicolae_twisty_statue_hallways

Skill      XL: |  1  2  3 |
---------------+----------+-----
Ranged Weapons | 5 |  5.0
Fighting       | |  2.2
Dodging        | |  1.5
Stealth        | |  1.1

Action                     || total
---------------------------++-------
   Fire: Shortbow          ||    79
    Use: Scroll            ||     3
 Armour: Leather armour    ||    24
  Dodge: Dodged            ||    23

Table legend:
 A = Non-vault XP
 B = Vault XP
 C = Vault XP percentage of total XP
 D = Non-vault monster count
 E = Vault monster count
 F = Vault count percentage of total count
                 A         B        C        D         E       F
            +---------+---------+-------+---------+---------+-------
      Total |      42 |       0 |   0.0 |      24 |       0 |   0.0
            +---------+---------+-------+---------+---------+-------
        D:1 |      35 |       0 |   0.0 |      22 |       0 |   0.0
        D:2 |       4 |       0 |   0.0 |       1 |       0 |   0.0
        D:3 |       3 |       0 |   0.0 |       1 |       0 |   0.0
            +---------+---------+-------+---------+---------+-------
